 Dungeon Crawl Stone Soup version 0.18-a0-1586-g58c38cf (webtiles) character file.

14742 Sixotanaka the Earth Mage (level 11, -4/90 HPs)
             Began as a Deep Dwarf Earth Elementalist on Mar 17, 2016.
             Was an Elder of Makhleb.
             Engulfed by a cloud of flame (27 damage)
             ... in a volcano on Mar 18, 2016.
             The game lasted 00:57:23 (15060 turns).

Sixotanaka the Earth Mage (DDEE)                   Turns: 15060, Time: 00:57:23

Health: -4/90      AC:  4    Str: 12    XL:     11   Next: 92%
Magic:  7/17       EV: 16    Int: 19    God:    Makhleb [****..]
Gold:   404        SH:  0    Dex: 15    Spells: 4 memorised, 7 levels left

rFire  . . .     SeeInvis .     H - 26 stones
rCold  . . .     Gourm    .     a - +0 robe
rNeg   . . .     Faith    .     (no shield)
rPois  +         Spirit   .     (no helmet)
rElec  .         Dismiss  +     D - +0 cloak
rCorr  .         Reflect  .     (no gloves)
SustAt .         Harm     .     t - +0 pair of boots
MR     +....                    h - amulet of dismissal
Stlth  +++.......               (no ring)
                                s - ring of wizardry

@: very slightly contaminated, non-regenerating, somewhat resistant to hostile
enchantments, fairly stealthy
A: damage resistance, recharge devices, claws 1, thin skeletal structure 1,
sense surroundings 2, poison resistance, slow regeneration 3
a: Device Recharging, Minor Destruction, Lesser Servant of Makhleb, Major
Destruction, Renounce Religion


You were in a volcano.
You worshipped Makhleb.
Makhleb was greatly pleased with you.
You were not hungry.

You visited 2 branches of the dungeon, and saw 13 of its levels.
You also visited: Ice Cave and Volcano.

You collected 494 gold pieces.
You spent 90 gold pieces at shops.


Innate Abilities, Weirdness & Mutations

You are resistant to damage.
You can recharge devices by infusing magical energy.
You passively map the area around you.
You do not regenerate naturally.
You have sharp fingernails.
You have a somewhat thin skeletal structure (Dex +2, Stealth).
Your system is resistant to poisons.


   Skills:
 + Level 3.6 Fighting
 - Level 7.1 Dodging
 - Level 2.4 Stealth
 + Level 4.0 Shields
 - Level 5.2 Spellcasting
 - Level 0.8 Transmutations
 - Level 19.8 Earth Magic


You had 7 spell levels left.
You knew the following spells:

 Your Spells              Type           Power        Failure   Level  Hunger
x - Stone Arrow           Conj/Erth      #####.       1%          3    ##.....
y - Petrify               Trmt/Erth      #####...     1%          4    ####...
z - Sandblast             Erth           ######       0%          1    None
X - Lee's Rapid Deconstr  Erth           ######....   1%          5    ######.


Dungeon Overview and Level Annotations

Branches:
Dungeon (10/15)              Lair (4/8) D:10            Orc (0/2) D:9
 Temple: D:4-7        Swamp: Lair:3-6    Shoals: Lair:3-6     Snake: Lair:3-6
 Spider: Lair:3-6

Altars:
Cheibriados
Makhleb
Nemelex Xobeh
Qazlal
Sif Muna
Vehumet
The Shining One

Shops:
D:4 ?

Annotations:
D:4 1 runed door
D:8 chequers's ghost, novice DsBe

Inventory:

Hand Weapons
 j - a +3 dagger of freezing
   (You took it off a kobold on level 2 of the Dungeon)
 o - a +0 blowgun
 x - a +0 short sword of distortion {!w}
   (You took it off Sonja on level 10 of the Dungeon)
 y - a cursed -3 spear
 J - the +8 quarterstaff of the Orange Skies {flame, +Fly, unknown}
   (You found it on level 3 of the Lair of Beasts)

   It has been specially enchanted to burn those struck by it, causing extra
   injury to most foes and up to half again as much damage against particularly
   susceptible opponents.
   It lets you fly.
Missiles
 E - 2 curare-tipped needles
 H - 26 stones (in claw)
Armour
 a - a +0 robe (worn)
 i - a +0 buckler
 t - a +0 pair of boots (worn)
 D - a +0 cloak (worn)
Magical Staves
 I - an uncursed staff of wizardry {!a}
Jewellery
 h - an amulet of dismissal (around neck)
 s - a ring of wizardry (left claw)
Wands
 b - a wand of iceblast (1/15)
 d - a wand of heal wounds (0/9) {@v2}
 A - a wand of paralysis (1/24)
 C - a wand of flame (23/48)
Scrolls
 e - 2 scrolls of immolation {!r}
 g - a scroll of recharging {unknown}
 k - 3 scrolls of enchant armour
 l - a scroll of vulnerability {!r}
 p - 4 scrolls of amnesia
 r - a scroll of blinking
 v - 3 scrolls of teleportation {@r4}
 w - 4 scrolls of remove curse {@r2}
 K - a scroll of fog
Potions
 m - 2 potions of magic
 n - 3 potions of haste {@q3}
 q - a potion of invisibility
 u - a potion of lignification {!q}
 z - a potion of agility
 B - a potion of flight {unknown}
 F - a potion of might {unknown}
 G - a potion of brilliance {unknown}
Books
 c - a book of Geomancy
Miscellaneous
 M - a sack of spiders {used: 1}
Comestibles
 f - 5 bread rations

###### #§§§.# #@§..#
#### ### ##§≈≈.##
#..#####§## #.≈§≈§§# * ,
§....##§≈§## ##.§§§§§# *
≈ *
≈....#.≈≈§.###..≈§≈≈≈§#*
,
§.∩..'≈≈≈≈..##.≈≈≈≈≈§§#
≈≈
≈...##≈≈≈≈≈≈.+#≈≈##≈≈#+
≈ ≈
§≈...#≈≈≈≈≈#######*### *
≈ ≈ , §..)######## * ≈


There were no monsters in sight!


Message History

The gargoyle shatters!
You blow up the gargoyle!
Casting: Lee's Rapid Deconstruction You don't have enough magic to cast that spell.
There is an open door here.
You close the door.
A molten gargoyle opens the door.
Casting: Lee's Rapid Deconstruction You don't have enough magic to cast that spell.
Read which item? (? for menu, Esc to quit)
Okay, then.
Here: a molten gargoyle, wielding a flail The floor.
Drink which item? (? for menu, Esc to quit)
You fade into invisibility!
You are very lightly contaminated with residual magic.
The molten gargoyle blasts magma at you!
The bolt of magma hits you!
The molten gargoyle blasts magma at something!
The bolt of magma misses you.
* * * LOW HITPOINT WARNING * * *
Drink which item? (? for menu, Esc to quit)
Okay, then.
You open the door.
A fire vortex comes into view.
A fire elemental comes into view.
There is an open door here.
You close the door.
You flicker for a moment.
Casting: Lee's Rapid Deconstruction
Aiming: Lee's Rapid Deconstruction
Okay, then.
Casting: Lee's Rapid Deconstruction You can't see any susceptible monsters within range! (Use Z to cast anyway.)
Casting: Lee's Rapid Deconstruction You don't know that spell.
Read which item? (? for menu, Esc to quit)
Okay, then.
Casting: Lee's Rapid Deconstruction
Okay, then.
Drink which item? (? for menu, Esc to quit)
Okay, then.
Zapping:
b - a wand of iceblast (will waste charges)
The mass of ice explodes!
The iceblast engulfs the fire elemental.
The fire elemental is frozen!
Evoking this partially-identified wand wasted a few charges.
Zapping:
b - a wand of iceblast {zapped: 2} (will waste charges)
The mass of ice explodes!
The iceblast engulfs the fire vortex.
The fire vortex is frozen!
The iceblast engulfs the fire elemental.
The fire elemental is frozen!
Evoking this partially-identified wand wasted a few charges.
You flicker back into view.
Zapping:
b - a wand of iceblast {zapped: 5} (will waste charges)
Aim: a fire elemental (flame, lava, heavily damaged)
The mass of ice explodes!
The iceblast engulfs the fire elemental.
The fire elemental is frozen!
You destroy the fire elemental!
You feel better.
Your Shields skill increases to level 4!
The iceblast engulfs the fire vortex.
The fire vortex is frozen!
Evoking this partially-identified wand wasted a few charges.
You are engulfed in roaring flames.
* * * LOW HITPOINT WARNING * * *
Why would you want to do that?
Unknown command.
You are engulfed in roaring flames.
You die...

Action                   |  1- 3 |  4- 6 |  7- 9 | 10-12 || total
-------------------------+-------+-------+-------+-------++-------
Melee: Short sword       |    12 |    44 |       |       ||    56
       Dagger            |       |       |       |    17 ||    17
Throw: Stone             |     1 |     1 |       |       ||     2
 Cast: Sandblast         |    44 |    85 |   126 |   152 ||   407
       Lee's Rapid Decon |       |     1 |     8 |    55 ||    64
       Petrify           |       |       |     2 |    10 ||    12
       Stone Arrow       |       |       |       |    83 ||    83
 Abil: Device Recharging |       |       |     1 |       ||     1
Evoke: Wand              |       |     4 |     5 |     7 ||    16
       Sack of spiders   |       |       |       |     2 ||     2
  Use: Scroll            |     7 |     5 |     2 |     8 ||    22
       Potion            |       |     1 |     3 |     4 ||     8
 Stab: Invisible         |       |     2 |       |       ||     2
       Sleeping          |       |     1 |       |       ||     1
       Paralysed         |       |       |       |     4 ||     4
  Eat: Chunk             |     2 |     6 |     2 |     9 ||    19
       Meat ration       |       |     1 |     1 |     2 ||     4
       Royal jelly       |       |       |     2 |       ||     2
       Bread ration      |       |       |     1 |     4 ||     5
       Pizza             |       |       |       |     9 ||     9
       Beef jerky        |       |       |       |     1 ||     1

Vault maps used:
D:1:      lightli_arrival_chessboard
D:2:      grunt_qazlal_sundering, first_bread
D:3:      grunt_temple_overflow_gold_and_silver, cheibriados_altar_1,
          uniq_jessica
D:4:      serial_shops, shop, lemuel_angel_altar
D:5:      black_bear_nest_1, kennysheep_generic_room_13
D:6:      nemelex_spade_bored_becter
D:8:      minitemple, serial_shops, kennysheep_little_box, basic_altar,
          ashenzari_altar_1
D:9:      lemuel_round_altar, kennysheep_orc_monster_closet_entryway
D:10:     dpeg_oklobed_lair, grunt_pizzeria, uniq_sonja
Lair:2:   serial_bayou_ford_a
Lair:3:   portal_ice_cave_entry_imps, grunt_forest_stairs_clearing
Lair:4:   shoals_dummy_entry, nicolae_volcano_entry_vermiform,
          kennysheep_snail_temple, lemuel_fruit_fields
IceCv:    ice_cave_small_necro
Volcano:  volcano_aerie

Notes
Turn   | Place    | Note
--------------------------------------------------------------
     0 | D:1      | Sixotanaka the Deep Dwarf Earth Elementalist began the quest for the Orb.
     0 | D:1      | Reached XP level 1. HP: 15/15 MP: 3/3
   158 | D:1      | Reached XP level 2. HP: 22/22 MP: 1/4
   236 | D:1      | Reached skill level 5 in Earth Magic
   809 | D:2      | Reached XP level 3. HP: 28/28 MP: 3/5
   814 | D:2      | Found a stormy altar of Qazlal.
  1231 | D:2      | Reached skill level 6 in Earth Magic
  1404 | D:2      | HP: 7/28 [orc priest/flail (1)]
  1406 | D:2      | Reached XP level 4. HP: 6/36 MP: 0/6
  1463 | D:2      | HP: 9/36 [orc wizard/puff of flame (12)]
  1478 | D:2      | Reached skill level 7 in Earth Magic
  1490 | D:2      | HP: 7/36 [orc/antimagic hand axe (4)]
  1496 | D:2      | HP: 6/36 [orc/antimagic hand axe (1)]
  1497 | D:2      | HP: 1/36 [orc/antimagic hand axe (5)]
  1596 | D:2      | Reached XP level 5. HP: 23/42 MP: 5/7
  1786 | D:3      | Found a snail-covered altar of Cheibriados.
  2392 | D:3      | Reached skill level 8 in Earth Magic
  2604 | D:3      | Learned a level 5 spell: Lee's Rapid Deconstruction
  2867 | D:4      | Found Eczuastruiqa's Magic Scroll Boutique.
  2880 | D:4      | Bought a scroll of blinking for 90 gold pieces
  3068 | D:4      | zzxc: take two
  3100 | D:4      | zzxc: hm DDEE
  3104 | D:4      | zzxc: DDFi is smoother
  3205 | D:4      | zzxc: oh man you have so many stones
  3205 | D:4      | zzxc: so good
  3205 | D:4      | Sixotanaka: ya
  3205 | D:4      | zzxc: I think stoneblast beats stone arrow
  3205 | D:4      | Sixotanaka: i used a bunch of healing earlier tho
  3205 | D:4      | zzxc: for a long time
  3205 | D:4      | Sixotanaka: because i got hit for dmg
  3205 | D:4      | Sixotanaka: by a hobgob
  3205 | D:4      | Sixotanaka: with a sword
  3205 | D:4      | Sixotanaka: enchanted
  3205 | D:4      | Sixotanaka: so i wore it
  3205 | D:4      | zzxc: what a bastid
  3205 | D:4      | Sixotanaka: -3 cursed
  3205 | D:4      | zzxc: lol
  3266 | D:4      | zzxc: looks like you're good now tho
  3266 | D:4      | Sixotanaka: no rcurse till like
  3266 | D:4      | Sixotanaka: a few turns before i went down to d4
  3315 | D:4      | Sixotanaka: i have LRD
  3315 | D:4      | Sixotanaka: but idk if i want to use it
  3315 | D:4      | Sixotanaka: noise + more than 50% of my mana
  3461 | D:4      | Found a glowing golden altar of the Shining One.
  3461 | D:4      | Noticed an angel
  3462 | D:4      | Found a runed door.
  3477 | D:4      | zzxc: yeah
  3477 | D:4      | zzxc: lol
  3477 | D:4      | zzxc: probably not wise to lrd that glass
  3477 | D:4      | Sixotanaka: no not that
  3614 | D:5      | Entered Level 5 of the Dungeon
  3638 | D:5      | Reached skill level 9 in Earth Magic
  3638 | D:5      | Reached XP level 6. HP: 23/49 MP: 5/8
  4065 | D:5      | Noticed an ice beast
  4070 | D:5      | Killed an ice beast
  4070 | D:5      | Reached skill level 10 in Earth Magic
  4072 | D:5      | Reached XP level 7. HP: 19/55 MP: 4/9
  4230 | D:5      | zzxc: must be nice to play DD
  4262 | D:5      | zzxc: and not have to worry about streaking
  4274 | D:5      | Sixotanaka: lol
  4401 | D:5      | zzxc: so you dont have to actually spend all your mp on healing
  4403 | D:5      | zzxc: and overhealing
  4438 | D:5      | zzxc: lol
  4460 | D:5      | zzxc: the centaur didnt even die
  4463 | D:5      | Reached skill level 11 in Earth Magic
  4464 | D:5      | zzxc: where'd it go
  4475 | D:5      | Sixotanaka: NFI
  4475 | D:5      | Sixotanaka: kinda worried now
  4613 | D:6      | zzxc: > DD
  4624 | D:6      | Sixotanaka: pretty sure i'm going makh
  4624 | D:6      | Sixotanaka: btw
  4624 | D:6      | zzxc: lol
  4628 | D:6      | zzxc: SHOCKING CHOICE
  4629 | D:6      | Sixotanaka: half the reason i went EE
  4629 | D:6      | Sixotanaka: lots of good earth spells with no conj
  4644 | D:6      | zzxc: DDEE is a classic combo
  4671 | D:6      | zzxc: like DDNe
  4682 | D:6      | zzxc: DDFi is smoother tho
  4707 | D:6      | zzxc: and is what i'd recommend
  4709 | D:6      | zzxc: as it was my first dd
  4715 | D:6      | zzxc: way easier than ddne
  4718 | D:6      | zzxc: and probs ee too
  4718 | D:6      | Sixotanaka: played lots of FE
  4954 | D:6      | Reached skill level 12 in Earth Magic
  4958 | D:6      | Found a sparkling altar of Nemelex Xobeh.
  5176 | D:6      | You fall through a shaft for 3 floors!
  5177 | D:9      | Sixotanaka: TRIPLE SHADTED!
  5340 | D:9      | Reached XP level 8. HP: 43/62 MP: 7/10
  5457 | D:9      | Reached skill level 13 in Earth Magic
  5520 | D:8      | Found a deep blue altar of Sif Muna.
  5523 | D:8      | Found a burning altar of Makhleb.
  5528 | D:8      | Became a worshipper of Makhleb the Destroyer
  5544 | D:8      | Noticed chequers's ghost (novice DsBe)
  5549 | D:8      | zzxc: CHEQUERS
  5549 | D:8      | Sixotanaka: auto explore > 3x shaft
  5549 | D:8      | zzxc: stoned dwarf vs chequers
  5549 | D:8      | Sixotanaka: 1 tp scroll no escape
  5549 | D:8      | Sixotanaka: err
  5549 | D:8      | Sixotanaka: 1 blink
  5549 | D:8      | zzxc: um
  5549 | D:8      | zzxc: maybe abuse imp
  5549 | D:8      | zzxc: and you can take a hit
  5549 | D:8      | zzxc: if you heal up
  5549 | D:8      | zzxc: can just run around him
  5549 | D:8      | Sixotanaka: so
  5549 | D:8      | Sixotanaka: heal
  5549 | D:8      | Sixotanaka: and run?
  5549 | D:8      | zzxc: ya it'd work 100%
  5549 | D:8      | Sixotanaka: where to
  5550 | D:8      | zzxc: some stairs
  5616 | D:9      | zzxc: as it turns out you didnt need to heal
  5620 | D:9      | Reached skill level 14 in Earth Magic
  5621 | D:9      | Sixotanaka: wasn't overheal
  5621 | D:9      | Sixotanaka: so it's cool
  5621 | D:9      | zzxc: ya
  5644 | D:9      | Sixotanaka: ...
  5644 | D:9      | zzxc: DD>bee
  5654 | D:9      | zzxc: it's like
  5654 | D:9      | zzxc: cheating
  5686 | D:9      | Sixotanaka: that'd be rip for like
  5686 | D:9      | Sixotanaka: every char i've been playing lately
  5767 | D:9      | Found a radiant altar of Vehumet.
  5834 | D:9      | Found a staircase to the Orcish Mines.
  5834 | D:9      | Noticed a troll
  5835 | D:9      | Sixotanaka: i could read ignite
  5835 | D:9      | Sixotanaka: then do this
  5835 | D:9      | Sixotanaka: lol...
  5835 | D:9      | Sixotanaka: immol
  5835 | D:9      | Sixotanaka: i mean
  5835 | D:9      | zzxc: the temptation
  5835 | D:9      | Sixotanaka: i'm gonna do it
  5835 | D:9      | Sixotanaka: yolo
  5835 | D:9      | zzxc: yer
  5835 | D:9      | zzxc: it's too fun
  5836 | D:9      | zzxc: also rip
  5836 | D:9      | zzxc: you're gonna die
  5836 | D:9      | zzxc: from blast
  5836 | D:9      | Sixotanaka: ya
  5836 | D:9      | zzxc: heal first
  5837 | D:9      | zzxc: recharge wand?
  5840 | D:9      | Gained mutation: You passively map the area around you. [Deep Dwarf growth]
  5840 | D:9      | Reached XP level 9. HP: 54/68 MP: 4/10
  5840 | D:9      | Reached * piety under Makhleb
  5840 | D:9      | Reached skill level 15 in Earth Magic
  5840 | D:9      | Killed a troll
  5840 | D:9      | Reached skill level 16 in Earth Magic
  5840 | D:9      | zzxc: lol
  5840 | D:9      | zzxc: man
  5840 | D:9      | Sixotanaka: lmao
  5840 | D:9      | HP: 12/68 [cloud of flame (22)]
  5890 | D:9      | Sixotanaka: that was so worth
  5890 | D:9      | Sixotanaka: tho
  5891 | D:9      | zzxc: yes
  5895 | D:9      | zzxc: lol
  5900 | D:9      | zzxc: do you get xp for that
  5922 | D:9      | zzxc: can you check
  5924 | D:9      | Sixotanaka: i got like
  5924 | D:9      | zzxc: yeah
  5924 | D:9      | zzxc: hm
  5924 | D:9      | zzxc: i guess so
  5924 | D:9      | Sixotanaka: almost a full level
  5924 | D:9      | zzxc: sicne you lvled up
  5924 | D:9      | Sixotanaka: probably more
  5924 | D:9      | Sixotanaka: leveled and now next is 41%
  6590 | D:9      | Sixotanaka: my wrist kinda hurting
  6590 | D:9      | Sixotanaka: gonna stop for a bit
  6590 | D:9      | Upgraded the game from 0.18-a0-1577-gf591c28 to 0.18-a0-1586-g58c38cf
  6651 | D:8      | Noticed a troll
  6668 | D:9      | Learned a level 4 spell: Petrify
  6847 | D:10     | Entered Level 10 of the Dungeon
  6877 | D:10     | Found a staircase to the Lair.
  6877 | D:10     | Noticed an oklob plant
  6891 | D:10     | Reached skill level 17 in Earth Magic
  7284 | D:10     | Reached ** piety under Makhleb
  7418 | D:10     | Reached XP level 10. HP: 33/75 MP: 5/11
  7641 | D:10     | Noticed Sonja
  8366 | D:10     | Reached skill level 18 in Earth Magic
  8855 | D:10     | Killed Sonja
  9063 | D:10     | Killed an oklob plant
  9218 | D:10     | zzxc: such a troll entrance
  9417 | Lair:1   | Entered Level 1 of the Lair of Beasts
  9417 | Lair:1   | Noticed a spiny frog
  9459 | Lair:1   | Killed a spiny frog
  9467 | Lair:1   | Noticed a spiny frog
  9483 | Lair:1   | Sixotanaka: ya
  9483 | Lair:1   | Sixotanaka: had to fight
  9483 | Lair:1   | Sixotanaka: sonja + okhlob plant
  9483 | Lair:1   | Sixotanaka: just to get in
  9489 | Lair:1   | Killed a spiny frog
  9489 | Lair:1   | Reached skill level 19 in Earth Magic
  9496 | Lair:1   | HP: 11/75 [porcupine's spines (9)]
 10125 | Lair:1   | zzxc: ya i saw
 10152 | Lair:1   | Reached skill level 2 in Spellcasting
 10411 | Lair:1   | Learned a level 3 spell: Stone Arrow
 10524 | Lair:1   | Reached skill level 3 in Dodging
 10821 | Lair:1   | Reached XP level 11. HP: 48/81 MP: 9/13
 10825 | Lair:1   | Reached *** piety under Makhleb
 11672 | Lair:2   | Noticed a six-headed hydra
 11698 | Lair:2   | Reached skill level 4 in Dodging
 11698 | Lair:2   | Reached skill level 3 in Spellcasting
 11808 | Lair:2   | Gained mutation: You have a somewhat thin skeletal structure (Dex +2, Stealth). [potion of beneficial mutation]
 11809 | Lair:2   | Gained mutation: You have sharp fingernails. [potion of beneficial mutation]
 11810 | Lair:2   | Gained mutation: Your system is resistant to poisons. [potion of beneficial mutation]
 11978 | Lair:2   | Noticed a six-headed hydra
 12241 | Lair:2   | Sixotanaka: rofl
 12241 | Lair:2   | HP: 17/81 [yak (7)]
 12311 | Lair:1   | Reached skill level 5 in Dodging
 12547 | Lair:2   | Sixotanaka: gotta go pick dad u[p
 12547 | Lair:2   | Sixotanaka: later
 12625 | Lair:3   | Reached skill level 4 in Spellcasting
 12645 | Lair:3   | Noticed a six-headed hydra
 12784 | Lair:3   | Found a frozen archway.
 12866 | IceCv    | Entered an ice cave
 12869 | IceCv    | Reached **** piety under Makhleb
 13057 | IceCv    | Reached skill level 6 in Dodging
 13783 | Lair:3   | Killed a six-headed hydra
 13783 | Lair:3   | Reached skill level 5 in Spellcasting
 13862 | Lair:3   | Reached skill level 7 in Dodging
 14023 | Lair:3   | Reached skill level 1 in Fighting
 14023 | Lair:3   | Reached skill level 1 in Shields
 14363 | Lair:3   | Reached skill level 2 in Fighting
 14363 | Lair:3   | Reached skill level 2 in Shields
 14661 | Lair:3   | Got a slimy quarterstaff
 14879 | Lair:4   | Found a dark tunnel.
 14879 | Lair:4   | Noticed a lindwurm
 14883 | Lair:4   | Reached skill level 3 in Shields
 14908 | Lair:4   | Killed a lindwurm
 14908 | Lair:4   | Reached skill level 3 in Fighting
 15019 | Volcano  | Entered a volcano
 15057 | Volcano  | Reached skill level 4 in Shields
 15060 | Volcano  | Engulfed by a cloud of flame

Vanquished Creatures
  A hydra (Lair:3)
  Sonja (D:10)
  A lindwurm (Lair:4)
  An oklob plant (D:10)
  3 spiny frogs
  A gargoyle (Volcano)
  A rime drake (Lair:3)
  4 komodo dragons
  A polar bear (Lair:3)
  A troll (D:9)
  3 blink frogs (Lair:1)
  11 yaks
  A basilisk (Lair:4)
  3 fire elementals (Volcano)
  3 hippogriffs (Lair:1)
  A steam dragon (D:10)
  A soldier ant (D:10)
  4 water moccasins
  4 porcupines
  4 orc warriors
  A wasp (D:9)
  2 black bears
  7 ice beasts
  2 sky beasts (D:9)
  4 wolves
  A necrophage (D:9)
  3 crocodiles
  3 ogres (D:9)
  A big kobold (D:9)
  4 giant frogs
  2 scorpions
  2 elephant simulacra (IceCv)
  14 killer bees
  A swamp dragon simulacrum (IceCv)
  5 howler monkeys
  11 wights
  A crimson imp (D:9)
  A giant frog zombie (D:5)
  A centaur zombie (D:5)
  4 orc priests
  5 jellies
  6 hounds
  2 giant frog skeletons (D:9)
  4 orc wizards
  7 iguanas
  4 worker ants
  A polar bear simulacrum (IceCv)
  A hound skeleton (D:8)
  13 gnolls
  7 adders
  19 river rats
  16 white imps
  4 oozes
  An adder zombie (D:5)
  4 worms
  A dart slug (D:1)
  3 giant geckos
  17 orcs
  A ball python (D:2)
  5 bats
  7 giant cockroaches
  4 goblins
  4 hobgoblins
  12 jackals
  4 kobolds
  2 giant newts
  A quokka zombie (D:5)
  5 rats
  A fire vortex (Volcano)
  A plant (D:10)
282 creatures vanquished.

Vanquished Creatures (others)
  5 fungi
  3 plants
8 creatures vanquished.

Grand Total: 290 creatures vanquished
